 Dungeon Crawl Stone Soup version 0.31-a0-277-g31ea1f65cc (webtiles) character file.

Game seed: 1106465571533842095

1439 pokeman the Thaumaturge (level 8, 0/42 (44) HPs)
             Began as a Deep Elf Hedge Wizard on July 15, 2023.
             Slain by a wight
             ... wielding a +0 flail
              (1 damage)
             ... on level 5 of the Dungeon.
             The game lasted 00:12:27 (6410 turns).

pokeman the Thaumaturge (Deep Elf Hedge Wizard)     Turns: 6410, Time: 00:12:27

HP:   0/42 (44)     AC:  2    Str:  7    XL:     8   Next: 45%
MP:   7/23          EV: 13    Int: 28    God:
Gold: 243           SH:  0    Dex: 14    Spells: 17/25 levels left

rFire   . . .        G - +1 hand axe (venom)
rCold   . . .        (no shield)
rNeg    + . .        b - +0 robe
rPois   .            c - +0 hat
rElec   .            (no cloak)
rCorr   .            (no gloves)
SInv    .            (no boots)
Will    .....        o - amulet of regeneration
Stlth   ++           i - ring of positive energy
HPRegen 1.07/turn    l - +6 ring of intelligence
MPRegen 0.18/turn

%: no passive effects
@: on blink cooldown, lightly drained
A: no striking features
a: no special abilities


You were on level 5 of the Dungeon.
You visited 1 branch of the dungeon, and saw 6 of its levels.
You also visited: Sewer.

You collected 243 gold pieces.

Inventory:

Hand Weapons
 G - a +1 hand axe of venom (weapon)
Armour
 b - a +0 robe (worn)
 c - a +0 hat (worn)
 y - a +0 kite shield
Magical Staves
 p - a staff of cold
Jewellery
 i - a ring of positive energy (left hand)
 l - a +6 ring of intelligence (right hand)
 o - an amulet of regeneration (around neck)
 w - an amulet of the acrobat
 F - an amulet of faith
Wands
 u - a wand of charming (11)
Scrolls
 g - a scroll of acquirement {unknown}
 h - a scroll of silence {unknown}
 m - 2 scrolls of revelation {unknown}
 r - 4 scrolls of identify {unknown}
 s - 2 scrolls of teleportation {unknown}
 x - a scroll of enchant weapon {unknown}
 A - a scroll of fog {unknown}
 B - a scroll of blinking {unknown}
 C - a scroll of amnesia {unknown}
 E - a scroll of vulnerability {unknown}
Potions
 a - a potion of cancellation {unknown}
 d - 2 potions of magic
 e - a potion of degeneration {unknown}
 f - a potion of enlightenment {unknown}
 j - 2 potions of haste {unknown}
 k - 3 potions of curing {unknown}
 n - a potion of brilliance {unknown}
 q - 3 potions of lignification {unknown}
 t - a potion of mutation {unknown}
 v - a potion of resistance {unknown}
 z - a potion of heal wounds {unknown}
 D - a potion of ambrosia {unknown}
 H - a potion of berserk rage {unknown}


   Skills:
 - Level 2.0 Fighting
 + Level 2.0 Armour
 - Level 3.0 Dodging
 - Level 3.0 Stealth
 * Level 9.3 Spellcasting
 + Level 6.3 Conjurations
 - Level 1.1 Summonings
 - Level 1.1 Translocations
 + Level 3.4 Ice Magic
 - Level 1.0 Air Magic
 - Level 1.0 Poison Magic
 - Level 1.2 Evocations


You had 17 spell levels left.
You knew the following spells:

 Your Spells              Type           Power      Damage    Failure   Level
a - Magic Dart            Conj           100%       1d8       1%          1
b - Mephitic Cloud        Conj/Pois/Air  28%        N/A       4%          3
c - Call Imp              Summ           38%        N/A       4%          2
d - Blink                 Tloc           38%        N/A       4%          2

Your spell library contained the following spells:

 Spells                   Type           Power      Damage    Failure   Level
 Kiss of Death            Conj/Necr      100%       2d13      1%          1
 Slow                     Hex            52%        N/A       4%          1
 Cigotuvi's Dreadful Rot  Necr/Pois/Air  32%        N/A       4%          2
 Confusing Touch          Hex            13%        N/A       13%         3
 Dispel Undead            Necr           13%        3d9       38%         4


Dungeon Overview and Level Annotations

Branches:
Dungeon (6/15)              Sewer (visited)
 Temple: D:4-7

Altars:
Hepliaklqana
Sif Muna
Yredelemnul

Shops:
D:4 (


Message History

Casting: Magic Dart (safe; 1% risk of failure)
Confirm with . or Enter, or press ? or * to list all spells.
Aiming: Magic Dart (safe; 1% risk of failure)
Press: ? - help, Shift-Dir - straight line, f/p - wight
Aim: a wight, wielding a +0 flail and wearing a +0 robe (moderately damaged, 100% to hit)
The magic dart hits the wight.
The wight is severely damaged.
The wight misses you.
Casting: Magic Dart (safe; 1% risk of failure)
Confirm with . or Enter, or press ? or * to list all spells.
You blink.
The wight closely misses you.
Unknown command.
Casting: Blink (safe; 4% risk of failure)
Confirm with . or Enter, or press ? or * to list all spells.
Aiming: Magic Dart (safe; 1% risk of failure)
Press: ? - help, Shift-Dir - straight line, f/p - wight
Aim: a wight, wielding a +0 flail and wearing a +0 robe (severely damaged, 100% to hit)
The magic dart hits the wight but does no damage.
The wight is severely damaged.
The wight hits you with a +0 flail!
* * * LOW HITPOINT WARNING * * *
Casting: Magic Dart (safe; 1% risk of failure)
Confirm with . or Enter, or press ? or * to list all spells.
Aiming: Magic Dart (safe; 1% risk of failure)
Press: ? - help, Shift-Dir - straight line, f/p - wight
Aim: a wight, wielding a +0 flail and wearing a +0 robe (severely damaged, 100% to hit)
The magic dart hits the wight but does no damage.
The wight is severely damaged.
The wight closely misses you.
Casting: Magic Dart (safe; 1% risk of failure)
Confirm with . or Enter, or press ? or * to list all spells.
Aiming: Magic Dart (safe; 1% risk of failure)
Press: ? - help, Shift-Dir - straight line, f/p - wight
Aim: a wight, wielding a +0 flail and wearing a +0 robe (severely damaged, 100% to hit)
The magic dart hits the wight.
The wight is severely damaged.
The wight hits you with a +0 flail!
* * * LOW HITPOINT WARNING * * *
You partially resist.
You feel drained.
You die...

############
#..........### ##
#.#..........# .##
#.#..≈≈≈≈≈≈≈.# ..###
#.#.≈≈≈≈≈≈...#
....#########.#.≈≈_....8.#
[...............≈≈≈≈≈≈...#
......######.##z.≈≈≈≈≈≈≈.#
.....#.### #.##.@........#
...#.##..###.###.######.##
.....#....<..# #[# #.#
#...#.#).###.# #.# #.#
#...###......# #># ##.#
..>.###..###.#
#.#####..###
.)...........#
#..........#
......##.###.#
##########.# .......#.#
#.# #.#


You could see a wight.

Vanquished Creatures
  Sigmund (D:4)
  A water moccasin (Sewer)
  A black bear (D:4)
  An ogre (D:4)
  A scorpion (D:5)
  Blork the orc (D:4)
  A bullfrog (D:5)
  3 wights
  A jelly (D:5)
  3 hounds
  A gnoll bouda (D:5)
  2 orc priests
  2 iguanas (D:5)
  Terence (D:2)
  Natasha (thrice) (D:3)
  3 orc wizards
  5 adders
  2 gnolls
  4 worms
  4 dart slugs
  17 orcs
  4 endoplasms
  3 giant cockroaches
  9 goblins
  8 hobgoblins
  8 jackals
  5 quokkas
  9 ball pythons
  5 bats
  2 frilled lizards
  4 kobolds
  7 rats
122 creatures vanquished.

Vanquished Creatures (collateral kills)
  A sleepcap (D:5)
1 creature vanquished.

Grand Total: 123 creatures vanquished

Notes
Turn   | Place    | Note
-------+----------+-------------------------------------------
     0 | D:1      | pokeman the Deep Elf Hedge Wizard began the quest for the
                  | Orb.
     0 | D:1      | Reached XP level 1. HP: 10/10 MP: 7/7
   598 | D:1      | Reached XP level 2. HP: 15/16 MP: 1/9
  1335 | D:2      | Reached skill level 5 in Spellcasting
  1439 | D:2      | Reached XP level 3. HP: 20/20 MP: 3/11
  1443 | D:2      | Learned a level 3 spell: Mephitic Cloud
  1446 | D:2      | Learned a level 2 spell: Call Imp
  1449 | D:2      | Learned a level 2 spell: Blink
  1788 | D:2      | Noticed Terence
  1804 | D:2      | Killed Terence
  1805 | D:2      | Reached skill level 1 in Fighting
  1805 | D:2      | Reached skill level 1 in Armour
  1920 | D:2      | Reached XP level 4. HP: 25/25 MP: 9/13
  2164 | D:2      | Found a faded altar of an unknown god.
  3116 | D:3      | Noticed Natasha
  3124 | D:3      | Killed Natasha
  3242 | D:3      | Noticed Natasha
  3252 | D:3      | Killed Natasha
  3253 | D:3      | Reached skill level 6 in Spellcasting
  3253 | D:3      | Reached XP level 5. HP: 29/29 MP: 9/15
  3496 | D:3      | Noticed Natasha
  3506 | D:3      | Killed Natasha
  3898 | D:4      | Noticed Sigmund
  3923 | D:4      | Killed Sigmund
  3924 | D:4      | Reached XP level 6. HP: 34/34 MP: 9/17
  4147 | D:4      | Found a shimmering blue altar of Sif Muna.
  4175 | D:4      | Reached skill level 5 in Conjurations
  4175 | D:4      | Reached skill level 1 in Ice Magic
  4175 | D:4      | Reached skill level 1 in Evocations
  4251 | D:4      | Reached XP level 7. HP: 38/38 MP: 4/19
  4382 | D:4      | Reached skill level 7 in Spellcasting
  4538 | D:4      | Found Tuygo's Weapon Emporium.
  4572 | D:4      | Noticed Blork the orc
  4584 | D:4      | Killed Blork the orc
  4585 | D:4      | Reached skill level 1 in Air Magic
  4585 | D:4      | Reached skill level 1 in Poison Magic
  4896 | D:5      | Entered Level 5 of the Dungeon
  5083 | D:5      | Found a glowing drain.
  5091 | D:5      | Reached skill level 8 in Spellcasting
  5176 | Sewer    | Entered a sewer
  5241 | Sewer    | Reached XP level 8. HP: 22/44 MP: 11/22
  5468 | D:5      | Found a basalt altar of Yredelemnul.
  5672 | D:5      | Found a hazy altar of Hepliaklqana.
  6228 | D:5      | Reached skill level 9 in Spellcasting
  6410 | D:5      | HP: 1/43 [wight/+0 flail (9)]
  6410 | D:5      | Slain by a wight

Illustrated notes

Levels and vault maps discovered:
D:1:      dpeg_arrival_ternary, layout_basic, serial_forest,
          infiniplex_forest_clump_cross, infiniplex_forest_lined_room_2,
          infiniplex_forest_zigzag_1, infiniplex_forest_clump_cross,
          grunt_decor_junction, minmay_misc_feat_tower
D:2:      layout_basic, basic_ecumenical_altar, uniq_terence
D:3:      layout_loops_corners, uniq_natasha
D:4:      layout_basic, general_overflow_altar, serial_shops,
          nicolae_shop_hallway_plus, uniq_sigmund, uniq_blork_the_orc
D:5:      corexii_shack_village, layout_loops_ring, kennysheep_mini,
          mainiacjoe_overflow_catwalk, portal_sewer_entry_a, glass_columns_a
D:6:      layout_basic, chequers_temple_overflow_statue_of_worship

Skill      XL: |  1  2  3  4  5  6  7  8 |
---------------+-------------------------+-----
Spellcasting   | 5 6 8 9 |  9.3
Fighting       | 1 2 |  2.0
Armour         | 1 2 |  2.0
Conjurations   | 2 4 5 6 |  6.3
Stealth        | 3 |  3.0
Dodging        | 3 |  3.0
Ice Magic      | 1 2 3 |  3.4
Evocations     | 1 |  1.2
Air Magic      | 1 |  1.0
Poison Magic   | 1 |  1.0
Summonings     | |  1.1
Translocations | |  1.1

Action                     |  1- 3 |  4- 6 |  7- 9 || total
---------------------------+-------+-------+-------++-------
  Melee: Dagger            |    10 |    43 |    53 ||   106
         Punch             |       |     1 |     4 ||     5
         Hand axe          |       |       |    19 ||    19
   Cast: Magic Dart        |    80 |    99 |   117 ||   296
         Mephitic Cloud    |     2 |     8 |    16 ||    26
         Call Imp          |       |       |     3 ||     3
         Blink             |       |       |     4 ||     4
   Stab: Confused          |     1 |     2 |     9 ||    12
 Armour: Robe              |     1 |     5 |     9 ||    15
  Dodge: Dodged            |    12 |    18 |    65 ||    95

Table legend: (Time is in decaauts)
 A = Elapsed time spent in this place.
 B = Non-inter-level travel time spent in this place.
 C = Inter-level travel time spent in this place.
 D = Time resting spent in this place.
 E = Time spent auto-exploring this place.
 F = Levels seen in this place.
 G = Mean time per level.
                   A        B        C        D        E       F      G
               +--------+--------+--------+--------+--------+-----+--------+
         Total |   6431 |   6163 |    268 |    172 |   4981 |   7 |  918.7 |
       Dungeon |   6243 |   5975 |    268 |    172 |   4833 |   6 | 1040.5 |
         Sewer |    188 |    188 |      0 |      0 |    147 |   1 |  188.0 |
               +--------+--------+--------+--------+--------+-----+--------+

Top non-repeatable levels by time:
     D:2: 1379 daAuts
     D:1: 1325 daAuts
     D:4: 1208 daAuts
     D:5: 1208 daAuts
     D:3: 1078 daAuts
   Sewer: 188 daAuts
     D:6: 44 daAuts
